 Dungeon Crawl Stone Soup version 0.27-a0-1196-g3e9cee4cb2 (webtiles) character file.

Game seed: 555482964214592787

13528 robertstho the Thaumaturge (level 12, -6/84 HPs)
             Began as a Djinni Fire Elementalist on May 28, 2021.
             Was an Initiate of Gozag.
             Mangled by a blink frog (15 damage)
             ... on level 2 of the Lair of Beasts.
             The game lasted 00:28:28 (17409 turns).

robertstho the Thaumaturge (DjFE)                  Turns: 17409, Time: 00:28:31

Health: -6/84      AC: 10    Str:  7    XL:     12   Next: 33%
Gold:   1946       EV: 15    Int: 21    God:    Gozag SH:  4 Dex: 15

rFire    + + .     SeeInvis .   o - +1 trident (venom)
rCold    x . .     Faith    .   p - +0 buckler
rNeg     . . .     Spirit   .   q - +0 acid dragon scales
rPois    ∞         Reflect  .   f - +0 helmet
rElec    .         Harm     .   E - +0 cloak
rCorr    +         Rampage  .   h - +0 pair of gloves
Will     +....                  (boots unavailable)
Stlth    ++........             (no amulet)
HPRegen  0.24/turn              e - +4 ring of evasion
MPRegen  0.00/turn              (no ring)

@: gold aura, flying
A: sickness immunity, fire resistance 2, cold vulnerability 1, float, innate
caster, hp casting, extra vitality 1
a: Renounce Religion, Potion Petition, Call Merchant, Bribe Branch


You were on level 2 of the Lair of Beasts.
You worshipped Gozag.
Gozag was most pleased with you.
You visited 3 branches of the dungeon, and saw 13 of its levels.
You also visited: Ossuary.

You collected 2475 gold pieces.
You spent 434 gold pieces at shops.
You paid 95 gold pieces to Gozag.

Inventory:

Hand Weapons
 l - a +0 long sword
 m - a +0 great sword
 o - a +1 trident of venom (weapon)
Missiles
 i - 4 throwing nets
 v - 5 atropa-tipped darts
Armour
 a - a +2 scale mail of fire resistance
 f - a +0 helmet (worn)
 h - a +0 pair of gloves (worn)
 p - a +0 buckler (worn)
 q - +0 acid dragon scales (worn)
 x - a +1 robe of willpower
 E - a +0 cloak (worn)
Jewellery
 e - a +4 ring of evasion (left hand)
Wands
 C - a wand of flame (16)
Scrolls
 b - 4 scrolls of teleportation
 c - 2 scrolls of holy word
 g - 3 scrolls of blinking
 j - 2 scrolls of enchant armour
 r - 5 scrolls of fog
 s - a scroll of identify
 u - 3 scrolls of enchant weapon
 y - 2 scrolls of vulnerability
 D - 2 scrolls of fear
Potions
 d - a potion of haste {unknown}
 k - a potion of mutation {unknown}
 n - 5 potions of curing
 t - a potion of berserk rage
 w - a potion of attraction {unknown}
 z - a potion of magic {unknown}
 A - a potion of heal wounds
 B - 2 potions of lignification


   Skills:
 * Level 6.7 Fighting
 + Level 0.3 Long Blades
 + Level 0.3(0.4) Axes
 + Level 0.1(0.3) Polearms
 + Level 3.2 Armour
 + Level 3.6 Dodging
 + Level 4.1 Stealth
 + Level 0.9 Shields
 * Level 12.7 Spellcasting


You had 7 spell levels left.
You knew the following spells:

 Your Spells              Type           Power      Damage    Failure   Level
a - Foxfire               Conj/Fire      100%       2x1d9     1%          1
b - Conjure Flame         Conj/Fire      61%        6-21      1%          3
c - Inner Flame           Hex/Fire       61%        N/A       1%          3
d - Sticky Flame          Conj/Fire      61%        2d8       1%          4
e - Fireball              Conj/Fire      30%        3d13      1%          5
f - Magic Dart            Conj           100%       1d8       1%          1
g - Corpse Rot            Necr/Air       N/A        N/A       1%          2
h - Lesser Beckoning      Tloc           30%        N/A       1%          3
i - Call Canine Familiar  Summ           61%        N/A       1%          3
j - Summon Ice Beast      Ice/Summ       61%        N/A       1%          4
Your spell library was empty.

Dungeon Overview and Level Annotations

Branches:
Dungeon (10/15)            Temple (1/1) D:4            Lair (2/6) D:8
Ossuary (visited)
  Swamp: Lair:2-4    Shoals: Lair:2-4     Snake: Lair:2-4    Spider: Lair:2-4
    Orc: D:9-12

Altars:
Ashenzari
Cheibriados
Dithmenos
Elyvilon
Fedhas
Gozag
Hepliaklqana
Kikubaaqudgha
Makhleb
Nemelex Xobeh
Qazlal
Ru
Sif Muna
Trog
Uskayaw
Wu Jian
Xom
Zin
The Shining One

Shops:
D:6 ?


Innate Abilities, Weirdness & Mutations

You are immune to sickness and miasma.
You are immune to poison.
Your flesh is very heat resistant. (rF++)
You are vulnerable to cold. (rC-)
You float through the air rather than walking.
You learn spells naturally, not from books.
Your magical power is your life essence.
You have superior vitality. (+4 HP)


Message History

Your ice beast disappears in a puff of smoke!
The blink frog burns!
You kill the blink frog!
Unknown command.
The blink frog hits your ice beast.
The blink frog blinks!
What are your orders? t - Shout!
Orders for allies: a - Attack new target. r - Retreat! s - Stop attacking. g - Guard the area. f - Follow me.
Anything else - Cancel.
Gang up on whom?
Press: ? - help, Dir - move target, f - blink frog
Aim: a blink frog (heavily wounded, ally target) Attack!
Unknown command.
The blink frog becomes distracted by the nearby gold, dreaming of imaginary riches.
Your ice beast hits the blink frog.
Your ice beast freezes the blink frog!
The blink frog is no longer distracted by gold.
The blink frog misses your ice beast. The blink frog hits your warg!
The blink frog blinks!
The blink frog becomes distracted by the nearby gold, dreaming of imaginary riches.
Your ice beast misses the blink frog.
The blink frog blinks!
The blink frog gives a loud, deep croak!
Casting: Sticky Flame (mildly dangerous; 1% risk of failure)
Confirm with . or Enter, or press ? or * to list all spells.
Aiming: Sticky Flame (mildly dangerous; 1% risk of failure)
Press: ? - help, Shift-Dir - straight line, f - blink frog, p - blink frog
Aim: a blink frog (moderately wounded, 100% to hit)
The sticky flame hits the blink frog!
The blink frog is severely wounded.
The blink frog is covered in liquid flames!
* * * LOW HITPOINT WARNING * * *
The blink frog is no longer distracted by gold.
The blink frog burns!
The blink frog hits your ice beast!
Your warg bites the blink frog!!
The blink frog dies!
The blink frog hits you!
You die...
Your body crumbles into a pile of gold.

**** ****** **,*******,*#,* ####
,,,,,,,,.,,,..###.P*
,,,,,,$,..,*,,....#*
*,**,,,*#..*####.$##
*,******...$#......##### ,,*
**#...$.......P#.####
,,*****,...*##.$..........##
,,,,,>$,..F..##.@...#.##...#
*,,**,,,..>.h..F........<.##
*,,***,*...$Y#.#.§#..#...P# ,,**
*,,...#,###.###.#....#
,,,***,,.....,*#..###....## ***
*,,**,,,,..P..*#.## ##.#..#***,**
*,,,,,,,,......#..# #.#....,,,,,
**,*,*,,*........##**#..####.#,,,
,,,,$,,,*##....#.#,,*#.#**,*,.,,,


You could see a blink frog (burning), a friendly warg (summoned) and a friendly
ice beast (summoned).

Vanquished Creatures
  Josephine (D:10)
  Harold (D:8)
  Pikel (D:6)
  A black mamba (Lair:2)
  Maggie (D:6)
  2 cane toads
  A troll (D:10)
  2 hornets
  Grinder (D:5)
  A blink frog (Lair:2)
  Prince Ribbit (D:8)
  19 yaks
  A vampire (D:9)
  A wraith (D:7)
  A wyvern (Lair:1)
  A steam dragon (D:7)
  A basilisk (Lair:1)
  Grum (D:9)
  4 water moccasins
  Duvessa (D:5)
  An ice beast (D:8)
  2 orc warriors
  A sky beast (D:5)
  2 black bears (D:6)
  2 ogres
  9 centaurs
  8 wolves
  3 bullfrogs
  5 kobold brigands
  Blork the orc (D:5)
  2 gnoll sergeants
  Dowan (D:5)
  A wyvern zombie (D:7)
  A scorpion (D:4)
  4 killer bees (D:8)
  5 wights (D:7)
  2 electric eels (Lair:1)
  A centaur zombie (D:7)
  2 howler monkeys (D:9)
  A hound (D:7)
  2 jellies
  2 gnoll shamans
  3 orc priests
  A bullfrog skeleton (D:7)
  3 iguanas
  5 orc wizards
  A killer bee zombie (D:5)
  A hound skeleton (D:4)
  2 mummies (Ossuary)
  A howler monkey zombie (D:9)
  27 gnolls
  9 adders
  A shadow imp (D:7)
  2 ufetubi
  An adder skeleton (D:4)
  2 worms
  A dart slug (D:1)
  29 orcs
  8 ball pythons
  4 bats
  8 endoplasms
  3 giant cockroaches
  A gnoll zombie (Ossuary)
  7 goblins
  5 hobgoblins
  4 jackals (D:2)
  57 kobolds
  3 quokkas
  2 frilled lizards
  3 goblin zombies (Ossuary)
  3 hobgoblin zombies (Ossuary)
  4 orc zombies (Ossuary)
  9 rats
311 creatures vanquished.

Vanquished Creatures (collateral kills)
  A cane toad (Lair:2)
  A blink frog (Lair:2)
  4 yaks
  A wraith (D:9)
  A water moccasin (Lair:2)
  2 wolves (Lair:1)
  A lava snake (D:9)
  An orc priest (D:9)
  3 orcs
  2 gnoll zombies (Ossuary)
  A hobgoblin zombie (Ossuary)
18 creatures vanquished.

Vanquished Creatures (others)
  786 foxfires
  9 fungi
  17 plants
812 creatures vanquished.

Grand Total: 1141 creatures vanquished

Notes
Turn   | Place    | Note
-------+----------+-------------------------------------------
     0 | D:1      | robertstho the Djinni Fire Elementalist began the quest for
                  | the Orb.
     0 | D:1      | Reached XP level 1. HP: 15/15 MP: 0/0
   359 | D:1      | Reached XP level 2. HP: 18/22 MP: 0/0
   658 | D:1      | Reached skill level 1 in Fighting
   658 | D:1      | Reached skill level 3 in Spellcasting
   658 | D:1      | Reached XP level 3. HP: 21/27 MP: 0/0
   658 | D:1      | Learned a level 1 spell: Magic Dart
   975 | D:1      | Found a faded altar of an unknown god.
  1562 | D:2      | Reached XP level 4. HP: 29/32 MP: 0/0
  2357 | D:2      | You are sucked into a shaft and drop 1 floor!
  2484 | D:3      | Found a blossoming altar of Fedhas.
  2484 | D:3      | Found a stormy altar of Qazlal.
  2943 | D:3      | Reached XP level 5. HP: 35/37 MP: 0/0
  2943 | D:3      | Learned a level 2 spell: Corpse Rot
  3038 | D:3      | Reached skill level 4 in Spellcasting
  4055 | D:4      | Reached XP level 6. HP: 36/43 MP: 0/0
  4719 | D:4      | Reached skill level 5 in Spellcasting
  4719 | D:4      | Reached XP level 7. HP: 20/49 MP: 0/0
  4719 | D:4      | Learned a level 3 spell: Lesser Beckoning
  5594 | D:4      | Found a staircase to the Ecumenical Temple.
  5710 | Temple   | Entered the Ecumenical Temple
  5752 | Temple   | Became a worshipper of Gozag Ym Sagoz the Greedy
  6093 | D:5      | Entered Level 5 of the Dungeon
  6129 | D:5      | Reached skill level 6 in Spellcasting
  6209 | D:5      | Noticed Blork the orc
  6215 | D:5      | Killed Blork the orc
  6216 | D:5      | Reached XP level 8. HP: 40/55 MP: 0/0
  6321 | D:5      | Noticed Grinder
  6328 | D:5      | Killed Grinder
  6948 | D:5      | Reached skill level 7 in Spellcasting
  6994 | D:5      | Noticed Duvessa
  6994 | D:5      | Noticed Dowan
  7002 | D:5      | Killed Duvessa
  7004 | D:5      | Killed Dowan
  7094 | D:5      | Found a hazy altar of Hepliaklqana.
  7208 | D:6      | Noticed Maggie
  7226 | D:6      | Killed Maggie
  7227 | D:6      | Reached XP level 9. HP: 25/62 MP: 0/0
  7227 | D:6      | Learned a level 3 spell: Call Canine Familiar
  7445 | D:6      | Reached skill level 8 in Spellcasting
  7715 | D:6      | Noticed Pikel
  7723 | D:6      | Killed Pikel
  8043 | D:6      | Found Ehysum's Magic Scroll Shop.
  8051 | D:6      | Bought a scroll of identify for 28 gold pieces
  8051 | D:6      | Bought a scroll of enchant weapon for 105 gold pieces
  8051 | D:6      | Bought a scroll of identify for 28 gold pieces
  8051 | D:6      | Bought a scroll of identify for 28 gold pieces
  8051 | D:6      | Bought a scroll of noise for 14 gold pieces
  8051 | D:6      | Bought a scroll of teleportation for 42 gold pieces
  8051 | D:6      | Bought a scroll of blinking for 105 gold pieces
  8051 | D:6      | Bought a scroll of teleportation for 42 gold pieces
  8051 | D:6      | Bought a scroll of teleportation for 42 gold pieces
  8233 | D:6      | Reached skill level 9 in Spellcasting
  8410 | D:6      | Reached XP level 10. HP: 59/69 MP: 0/0
  9543 | D:7      | Reached skill level 10 in Spellcasting
 10421 | D:7      | Found a glowing silver altar of Zin.
 11206 | D:8      | Found a staircase to the Lair.
 11210 | D:8      | Noticed Prince Ribbit
 11211 | D:8      | Reached skill level 5 in Fighting
 11213 | D:8      | Killed Prince Ribbit
 11259 | D:8      | Found a sand-covered staircase.
 11264 | Ossuary  | Entered an ossuary
 12260 | D:8      | Found a shimmering altar of Xom.
 12353 | D:8      | Noticed Harold
 12430 | D:8      | Killed Harold
 12431 | D:8      | Reached skill level 11 in Spellcasting
 12431 | D:8      | Reached XP level 11. HP: 8/76 MP: 0/0
 12431 | D:8      | Learned a level 4 spell: Summon Ice Beast
 13471 | D:9      | Found a snail-covered altar of Cheibriados.
 13855 | D:9      | Found a bloodstained altar of Trog.
 14300 | D:9      | Noticed Grum
 14302 | D:9      | Reached skill level 1 in Armour
 14306 | D:9      | Killed Grum
 14866 | D:10     | Entered Level 10 of the Dungeon
 14913 | D:10     | Noticed a two-headed ogre
 15151 | D:10     | Noticed Josephine
 15156 | D:10     | Killed Josephine
 15501 | Lair:1   | Entered Level 1 of the Lair of Beasts
 15549 | Lair:1   | Reached skill level 12 in Spellcasting
 16354 | Lair:1   | Reached XP level 12. HP: 76/84 MP: 0/0
 17403 | Lair:2   | HP: 4/84 [blink frog (15)]
 17409 | Lair:2   | Mangled by a blink frog

Illustrated notes

Levels and vault maps discovered:
D:1:      lightli_iron_boxes, layout_basic,
          hellmonk_ecumenical_altar_pennies_from_heaven,
          minmay_misc_feat_four_crosses, grunt_decor_one_mirror, hex_large,
          chequers_jeans, minmay_heptomino_o4
D:2:      layout_loops_ring
D:3:      layout_basic, grunt_temple_overflow_forces_of_nature
D:4:      minmay_goblin_kobold_castle, layout_rooms, kiku_gazebo_pond_becter,
          minmay_temple_entry_waves, kennysheep_generic_room_7
D:5:      layout_cave_pools, lemuel_round_altar, chequers_serial_rivers_micro_e,
          uniq_blork_the_orc, uniq_grinder, uniq_duvessa
D:6:      layout_loops_corners, serial_shops, nicolae_shop_trees, minivault_25,
          centaur_isle, uniq_pikel, uniq_maggie
D:7:      layout_loops_ring, zin_scriptorium, serial_bayou_pond_b
D:8:      layout_rooms, old_standard_altar, dpeg_oklobed_lair,
          nicolae_ossuary_entry_false_entrances, uniq_prince_ribbit1,
          uniq_harold
D:9:      layout_basic, lemuel_tele_altar, cheibriados_altar_1,
          kennysheep_small_spiral, uniq_grum
D:10:     layout_long_grid, gammafunk_temple_overflow_pools, hiddenorc2_lemuel,
          serial_ice, serial_ice_i, serial_ice_o, serial_ice_c, serial_ice_b,
          kennysheep_generic_room_4, uniq_josephine
Temple:   minmay_temple_bridge_abc
Lair:1:   layout_small_grid, fungi_pond_lemuel, nicolae_quartered_pool_super
Lair:2:   layout_loops_ring, gauntlet_entry_generic

Skill      XL: |  1  2  3  4  5  6  7  8  9 10 11 12 |
---------------+-------------------------------------+-----
Fighting       | 1 2 3 4 5 6 |  6.7
Spellcasting   | 3 4 5 6 7 9 11 12 | 12.7
Stealth        | 2 3 4 |  4.1
Dodging        | 3 |  3.6
Armour         | 2 3 |  3.2
Long Blades    | |  0.3
Axes           | |  0.3
Polearms       | |  0.1
Shields        | |  0.9

Action                   |  1- 3 |  4- 6 |  7- 9 | 10-12 || total
-------------------------+-------+-------+-------+-------++-------
Melee: Hand axe          |       |    23 |       |       ||    23
       Trident           |       |       |     7 |    12 ||    19
 Cast: Foxfire           |    67 |   167 |   205 |    17 ||   456
       Sticky Flame      |       |     1 |     4 |    21 ||    26
       Fireball          |       |       |     8 |   178 ||   186
       Call Canine Famil |       |       |       |    11 ||    11
       Conjure Flame     |       |       |       |     1 ||     1
       Summon Ice Beast  |       |       |       |     7 ||     7
  Use: Scroll            |       |     3 |     6 |     7 ||    16
       Potion            |       |       |       |     4 ||     4
 Stab: Sleeping          |       |     1 |       |       ||     1
Armor: Robe              |     3 |    15 |     2 |       ||    20
       Acid dragon scale |       |       |       |     3 ||     3
Dodge: Dodged            |     4 |    27 |    46 |    34 ||   111
Block: Buckler           |       |       |     5 |     6 ||    11
       Rpst.: Long sword |       |     1 |       |       ||     1
       Great sword       |       |     3 |     2 |       ||     5

Table legend: (Time is in decaauts)
 A = Elapsed time spent in this place.
 B = Non-inter-level travel time spent in this place.
 C = Inter-level travel time spent in this place.
 D = Time resting spent in this place.
 E = Time spent auto-exploring this place.
 F = Levels seen in this place.
 G = Mean time per level.
                   A        B        C        D        E       F      G
               +--------+--------+--------+--------+--------+-----+--------+
         Total |  17429 |  16903 |    526 |   2170 |  12859 |  14 | 1244.9 |
       Dungeon |  15210 |  14740 |    470 |   2170 |  10948 |  10 | 1521.0 |
        Temple |     63 |     42 |     21 |      0 |     29 |   1 |   63.0 |
          Lair |   1629 |   1595 |     34 |      0 |   1389 |   2 |  814.5 |
       Ossuary |    525 |    525 |      0 |      0 |    493 |   1 |  525.0 |
               +--------+--------+--------+--------+--------+-----+--------+

Top non-repeatable levels by time:
     D:9: 2325 daAuts
     D:6: 2131 daAuts
     D:4: 2064 daAuts
     D:7: 1876 daAuts
     D:8: 1666 daAuts
  Lair:1: 1540 daAuts
     D:2: 1346 daAuts
     D:3: 1335 daAuts
     D:1: 1289 daAuts
     D:5: 1089 daAuts
 Ossuary: 525 daAuts
  Lair:2: 88 daAuts
    D:10: 84 daAuts
  Temple: 63 daAuts
